 Dungeon Crawl Stone Soup version 0.31.0-12-g77e489cdc1 (webtiles) character file.

Game seed: 10548309131525626416

2512 hawla the Protected (level 9, -4/71 HPs)
             Began as a Minotaur Fighter on Feb 16, 2024.
             Was a Believer of Yredelemnul.
             Slain by a gnoll sergeant
             ... wielding a +0 halberd
              (11 damage)
             ... in a bailey.
             The game lasted 00:12:34 (5437 turns).

hawla the Protected (Minotaur Fighter)              Turns: 5437, Time: 00:12:35

Health: -4/71      AC: 15    Str: 25    XL:     9   Next: 28%
Magic:  17/17      EV: 10    Int:  5    God:    Yredelemnul [**....]
Gold:   343        SH:  7    Dex: 10    Spells: 8/8 levels left

rFire   . . .        b - +1 war axe (freeze)
rCold   . . .        c - +2 buckler
rNeg    . . .        o - +0 chain mail
rPois   .            (helmet restricted)
rElec   .            (no cloak)
rCorr   .            (no gloves)
SInv    .            h - +2 pair of boots
Will    .....        e - amulet of regeneration Stlth
                     i - ring of magical power
HPRegen 1.11/turn    (no ring)
MPRegen 0.15/turn

%: no passive effects
@: no status effects
A: horns 2, retaliatory headbutt
a: Renounce Religion, Recall Undead Harvest, Dark Bargain


You were in a bailey.
You worshipped Yredelemnul.
Yredelemnul was noncommittal.
You visited 2 branches of the dungeon, and saw 8 of its levels.
You also visited: Bailey.

You collected 398 gold pieces.
You spent 55 gold pieces at shops.

Inventory:

Hand Weapons
 b - a +1 war axe of freezing (weapon)
Missiles
 g - 13 poisoned darts (quivered)
 m - 7 curare-tipped darts
 v - a throwing net
Armour
 c - a +2 buckler (worn)
 h - a +2 pair of boots (worn)
 o - a +0 chain mail (worn)
Jewellery
 e - an amulet of regeneration (around neck)
 i - a ring of magical power (left hand)
 u - a ring of fire
Wands
 w - a wand of charming (9)
Scrolls
 f - 3 scrolls of vulnerability
 k - a scroll of immolation
 l - 4 scrolls of poison
 q - a scroll of noise
 r - a scroll of fear
 s - a scroll of butterflies
Potions
 a - a potion of enlightenment
 d - 2 potions of might
 j - 3 potions of curing {unknown}
 n - a potion of brilliance {unknown}
 p - a potion of lignification {unknown}
 t - 2 potions of degeneration {unknown}


   Skills:
 - Level 4.0 Fighting
 + Level 9.4 Axes
 - Level 10.0 Armour
 - Level 6.0 Dodging
 - Level 5.0 Shields


You had 8 spell levels left.
You didn't know any spells.
Your spell library was empty.

Dungeon Overview and Level Annotations

Branches:
Dungeon (7/15)             Temple (1/1) D:7          Bailey (1/1)

Altars:
Ashenzari
Cheibriados
Elyvilon
Fedhas
Gozag
Hepliaklqana
Kikubaaqudgha
Makhleb
Nemelex Xobeh
Okawaru
Qazlal
Ru
Sif Muna
Trog
Uskayaw
Vehumet
Xom
Yredelemnul
Zin
The Shining One

Shops:
D:2 !   D:6 ==

Annotations:
D:5 dig the loot
D:6 TheBioAlchemist's ghost, novice DjWr


Innate Abilities, Weirdness & Mutations

You have a pair of horns on your head.
You reflexively headbutt those who attack you in melee.


Message History

The gnoll sergeant is knocked back by the sudden gust. x2
The wolf misses your butterfly.
The gnoll sergeant hits your butterfly with a +0 glaive!
Your butterfly dies!
Your butterfly disappears in a burst of colours!
You swap places.
The wolf barely misses you. The gnoll sergeant barely misses you.
The wolf barely misses you.
A wolf comes into view.
The wolf barely misses you.
The gnoll sergeant hits your butterfly with a +0 glaive!!
Your butterfly dies!
Your butterfly disappears in a burst of colours!
You hit the wolf. You freeze the wolf. Your headbutt misses the wolf.
The wolf is severely wounded.
You completely miss the wolf. The wolf bites you but does no damage.
The wolf barely misses you. The gnoll sergeant closely misses you.
A gnoll sergeant comes into view. It is wielding a +0 halberd.
The wolf bites you.
* * * LOW HITPOINT WARNING * * *
The gnoll sergeant hits your butterfly with a +0 glaive!
Your butterfly dies!
Your butterfly disappears in a burst of colours!
The wolf barely misses your butterfly.
You slash the wolf! You freeze the wolf.
You kill the wolf!
You miss the wolf.
The dead are walking!
You can now trade souls for undead servants.
The gnoll sergeant is no longer moving quickly.
The wolf bites you.
* * * LOW HITPOINT WARNING * * *
The gnoll bouda misses your butterfly. You block the gnoll sergeant's attack.
The wolf bites you.
* * * LOW HITPOINT WARNING * * *
The gnoll sergeant closely misses your butterfly.
The gnoll bouda barks out a call to the hunt!
The gnoll sergeants pick up the pace!
You swap places.
The wolf misses your butterfly. x2
The gnoll sergeant hits you from afar with a +0 halberd!
You die...
Your body rises from the dead as a mindless zombie.

♣≈ #.. ♣≈. #.. ♣≈.
##### #.. ♣≈.. ##...##
#..
♣≈..##+###.....######..
♣≈....bb#......)#...'..
♣≈..ZZbZbb..8)..'.).'..
♣≈...bbZ#.....).#...'..
♣≈..##@###.....######..
♣≈ #Zbbg##...## #..
#bhbbb##### #..


#.bbbb.hg. #.. ##b.bbgg... #.. ##.8..b... #.. ######### You could see 2 gnoll
sergeants, 2 wolves, a gnoll bouda (ally target), a friendly hound zombie, a
friendly wolf zombie, a friendly gnoll zombie, a friendly gnoll bouda zombie and
a friendly gnoll sergeant zombie.

Vanquished Creatures
  A wyvern (D:7)
  A sky beast (D:6)
  A black bear (D:5)
  An ice beast (D:5)
  2 wolves (Bailey)
  A centaur (D:5)
  A phantom (D:4)
  8 kobold brigands (D:6)
  3 bullfrogs
  A gnoll sergeant (Bailey)
  2 scorpions
  A bombardier beetle (D:6)
  A howler monkey (D:7)
  5 hounds
  2 jellies
  3 orc priests
  A gnoll bouda (Bailey)
  A sleepcap (D:7)
  2 iguanas
  2 orc wizards
  13 gnolls
  7 adders
  2 shadow imps
  A white imp (D:7)
  3 ribbon worms
  3 dart slugs
  20 orcs
  2 ball pythons (D:1)
  5 endoplasms
  5 giant cockroaches
  5 goblins
  6 hobgoblins
  4 jackals (D:4)
  2 quokkas (D:2)
  A bat (D:1)
  2 frilled lizards
  10 kobolds
  3 rats
134 creatures vanquished.

Vanquished Creatures (collateral kills)
  4 goblins (D:7)
4 creatures vanquished.

Grand Total: 138 creatures vanquished

Notes
Turn   | Place    | Note
-------+----------+-------------------------------------------
     0 | D:1      | hawla the Minotaur Fighter began the quest for the Orb.
     0 | D:1      | Reached XP level 1. HP: 19/19 MP: 0/0
   174 | D:1      | Reached XP level 2. HP: 26/27 MP: 1/1
   388 | D:1      | Reached XP level 3. HP: 12/33 MP: 2/2
   870 | D:1      | Reached skill level 5 in Shields
   920 | D:2      | Identified a scroll of acquirement
   920 | D:2      | Acquired an amulet of regeneration
   970 | D:2      | Reached skill level 1 in Dodging
   978 | D:2      | Reached XP level 4. HP: 40/40 MP: 3/3
  1259 | D:2      | Found Caggaegehu's Distillery.
  1263 | D:2      | Bought a potion of heal wounds for 55 gold pieces
  1879 | D:3      | Noticed a scorpion
  1895 | D:3      | Killed a scorpion
  1896 | D:3      | Reached XP level 5. HP: 42/46 MP: 4/4
  2180 | D:3      | Found a shimmering altar of Xom.
  2189 | D:3      | Found a radiant altar of Vehumet.
  2189 | D:3      | Found a shimmering blue altar of Sif Muna.
  2190 | D:3      | Found a hazy altar of Hepliaklqana.
  2191 | D:3      | Found a sacrificial altar of Ru.
  2192 | D:3      | Found a hide-covered altar of Uskayaw.
  2193 | D:3      | Found a burning altar of Makhleb.
  2658 | D:4      | Reached skill level 5 in Dodging
  2673 | D:4      | Noticed a phantom
  2681 | D:4      | Killed a phantom
  2682 | D:4      | Reached XP level 6. HP: 30/52 MP: 5/5
  2689 | D:4      | Reached skill level 4 in Armour
  2885 | D:4      | Reached skill level 5 in Armour
  2899 | D:4      | Identified the +2 leather armour of Xucujel {Str+3}
  3174 | D:5      | Entered Level 5 of the Dungeon
  3198 | D:5      | Reached XP level 7. HP: 59/59 MP: 6/6
  3242 | D:5      | Reached skill level 6 in Armour
  3460 | D:5      | Reached skill level 7 in Armour
  3504 | D:5      | Reached skill level 8 in Armour
  3505 | D:5      | Identified the +10 dagger "Huseastub" {freeze, ^Fragile
                  | rN+++ Str+2 Int+2}
  3823 | D:6      | Found Duadutie's Jewellery Boutique.
  3832 | D:6      | Found a runed translucent gate.
  3832 | D:6      | Found a runed translucent gate.
  3833 | D:6      | Found a runed translucent gate.
  4144 | D:6      | Found Ihavvu Tiu's One-of-a-Kind Rings.
  4205 | D:6      | Reached skill level 9 in Armour
  4205 | D:6      | Reached XP level 8. HP: 56/66 MP: 7/7
  4622 | D:6      | Noticed TheBioAlchemist's ghost (novice DjWr)
  4642 | D:6      | Found a sparkling altar of Nemelex Xobeh.
  5061 | D:6      | Reached skill level 10 in Armour
  5078 | D:6      | Reached skill level 5 in Axes
  5193 | D:7      | Found a staircase to the Ecumenical Temple.
  5201 | Temple   | Entered the Ecumenical Temple
  5214 | Temple   | Became a worshipper of Yredelemnul the Dark
  5276 | D:7      | Reached XP level 9. HP: 71/71 MP: 8/8
  5283 | D:7      | Found a flagged portal.
  5295 | D:7      | Reached * piety under Yredelemnul
  5308 | Bailey   | Entered a bailey
  5436 | Bailey   | Reached ** piety under Yredelemnul
  5437 | Bailey   | Slain by a gnoll sergeant

Illustrated notes

Levels and vault maps discovered:
D:1:      minmay_arrival_semitransparent, layout_basic, serial_corexii_hall,
          corexii_hall_statues_s, corexii_hall_statues_i,
          corexii_hall_statues_s, corexii_hall_statues_u
D:2:      layout_loops_ring, serial_shops, shop, hex_large,
          amcnicky_mini_pool_small, kennysheep_nondescript
D:3:      layout_basic, minitemple, grunt_ministairs_5
D:4:      layout_rooms
D:5:      layout_loops_ring, serial_glass, glass_columns_b, glass_columns_b,
          glass_columns_c, glass_columns_a, glass_columns_b, glass_columns_b,
          glass_columns_a, glass_columns_a, glass_columns_a, glass_columns_a,
          due_unseen_surprise
D:6:      layout_layer_cave, kennysheep_mini, gammafunk_ghost_nasty_kobolds,
          serial_shops, shop, nicolae_shop_unique_rings
D:7:      layout_cave_pools, minmay_temple_entry_wispy, enter_bailey_5,
          dk_rats_in_the_wall
Temple:   nicolae_temple_ecumenical_triangle
Bailey:   bailey_polearm_gnolls_kennysheep, bailey

Skill      XL: |  1  2  3  4  5  6  7  8  9 |
---------------+----------------------------+-----
Fighting       | 4 |  4.0
Shields        | 4 5 |  5.0
Dodging        | 2 4 5 6 |  6.0
Armour         | 5 9 10 | 10.0
Axes           | 7 9 |  9.4

Action                     |  1- 3 |  4- 6 |  7- 9 || total
---------------------------+-------+-------+-------++-------
  Melee: War axe           |    68 |   134 |   181 ||   383
         Headbutt          |     4 |     6 |    28 ||    38
    Use: Scroll            |     1 |     4 |    11 ||    16
         Potion            |       |       |     4 ||     4
   Stab: Distracted        |       |       |     1 ||     1
 Armour: Scale mail        |    41 |    44 |       ||    85
         Chain mail        |       |    76 |   226 ||   302
  Dodge: Dodged            |    35 |    55 |   115 ||   205
  Block: Buckler           |    18 |    26 |    98 ||   142
